 Dungeon Crawl Stone Soup version 0.32-a0-485-g70f7560b1c (webtiles) character file.

Game seed: 5767792841393786195

24359 zenocrate the Severer (level 12, -8/153 HPs)
             Began as a Minotaur Fighter on Feb 26, 2024.
             Was a High Priest of Okawaru.
             Killed from afar by an ice statue (20 damage)
             ... with a freezing blast
             ... in an ice cave.
             The game lasted 00:15:30 (10710 turns).

zenocrate the Severer (Minotaur Fighter)           Turns: 10710, Time: 00:15:30

Health: -8/153     AC: 26    Str: 27    XL:     12   Next: 80%
Magic:  15/16      EV:  2    Int:  5    God:    Okawaru [*****.]
Gold:   956        SH:  7    Dex:  9    Spells: 9/11 levels left

rFire   + . .        b - +9 broad axe
rCold   . . .        c - +0 buckler
rNeg    . . .        K - melded +0 plate armour
rPois   +            (helmet currently unavailable)
rElec   .            H - melded +0 cloak
rCorr   .            F - melded +1 pair of gloves
SInv    .            (boots currently unavailable)
Will    +....        l - amulet of regeneration
Stlth   +++          m - ring of willpower
HPRegen 1.25/turn    B - ring of protection from fire
MPRegen 0.15/turn

%: no passive effects
@: tree-form, heroic, studying Hexes
A: stationary, stasis, torment immunity, boosted hp, (horns 2), (retaliatory
headbutt), (talons 1), passive freeze, evolution 1
a: Renounce Religion, Heroism, Finesse, Duel


You were in an ice cave.
You worshipped Okawaru.
Okawaru was extremely pleased with you.
You were a tree.
You visited 3 branches of the dungeon, and saw 13 of its levels.
You also visited: Sewer, Bailey and Ice Cave.

You collected 956 gold pieces.

Inventory:

Hand Weapons
 a - the +5 flail "Duho" {freeze, rC- Int+5}
   (You found it in a bailey)

   Int+5:     It affects your intelligence (+5).
   rC-:       It makes you vulnerable to cold.
 b - a +9 broad axe (weapon)
Missiles
 d - 6 poisoned darts (quivered)
 p - 19 boomerangs
 y - 10 curare-tipped darts
 J - a silver javelin
 L - 4 javelins
Armour
 c - a +0 buckler (worn)
 F - a +1 pair of gloves (melded)
 H - a +0 cloak (melded)
 K - a +0 plate armour (melded)
Jewellery
 l - an amulet of regeneration (around neck)
 m - a ring of willpower (left branch)
 B - a ring of protection from fire (right branch)
Wands
 i - a wand of flame (7)
 j - a wand of digging (8)
 w - a wand of iceblast (13)
Scrolls
 e - 5 scrolls of fear
 f - 4 scrolls of fog
 h - 2 scrolls of torment
 k - a scroll of amnesia
 q - 7 scrolls of teleportation
 x - a scroll of immolation
Potions
 g - a potion of attraction
 n - a potion of lignification
 r - 3 potions of invisibility
 u - 2 potions of brilliance
 v - 4 potions of haste
 z - 3 potions of magic
 E - 2 potions of enlightenment


   Skills:
 + Level 8.3(13.3) Fighting
 + Level 16.0(21.0) Axes
 + Level 6.7(11.7) Throwing
 + Level 7.9(12.9) Armour
 + Level 6.3(11.3) Dodging
 + Level 8.5(13.5) Shields
 + Level 1.7 Translocations
 * Level 6.7 Invocations
 - Level 6.5 Evocations


You had 9 spell levels left.
You knew the following spells:

 Your Spells              Type           Power      Damage    Failure   Level
x - Blink                 Tloc           2%         N/A       38%         2

Your spell library contained the following spells:

 Spells                   Type           Power      Damage    Failure   Level
 Lesser Beckoning         Tloc           2%         N/A       38%         2
 Freeze                   Ice            0%         1d3       50%         1
 Magic Dart               Conj           0%         1d3       50%         1
 Necrotise                Necr           0%         1d4       50%         1
 Momentum Strike          Conj/Tloc      0%         3d8       52%         2
 Searing Ray              Conj           0%         2d4       65%         2
 Frozen Ramparts          Ice            0%         1d1       86%         3
 Hailstorm                Conj/Ice       0%         3d5       86%         3
 Vampiric Draining        Necr           0%         2d6       86%         3
 Fulminant Prism          Conj/Alch      0%         3d5       99%         4
 Curse of Agony           Necr           0%         N/A       100%        5
 Martyr's Knell           Necr/Summ      Unusable   N/A       N/A         4

Dungeon Overview and Level Annotations

Branches:
Dungeon (9/15)             Temple (1/1) D:4            Lair (3/5) D:9
  Swamp (0/4) Lair:2       Spider (0/4) Lair:3        Sewer (visited)
 Bailey (visited)           IceCv (1/1)
    Orc: D:9-12

Altars:
Ashenzari
Cheibriados
Dithmenos
Elyvilon
Fedhas
Gozag
Hepliaklqana
Kikubaaqudgha
Makhleb
Nemelex Xobeh
Okawaru
Ru
Sif Muna
Trog
Uskayaw
Vehumet
Wu Jian
Xom
Yredelemnul
Zin
The Shining One

Shops:
D:3 (=!(

Annotations:
IceCv exclusion: ice statue


Innate Abilities, Weirdness & Mutations

You are a tree.
Your roots penetrate the ground, keeping you stationary.
You cannot be teleported.
You are immune to unholy pain and torment.
Your maximum health is greatly increased.
Your equipment is partially melded.
((You have a pair of horns on your head.))
((You reflexively headbutt those who attack you in melee.))
((You have sharp toenails.))
A frigid envelope surrounds you and freezes all who hurt you.
You have hidden genetic potential.


Message History

You feel much better.
You are engulfed in freezing vapours.
* * * LOW HITPOINT WARNING * * *
The ice beast hits you but does no damage.
It was a potion of mutation.
You feel extremely strange.
You feel a hidden potential growing inside you.
Your skin feels very cold.
Your toenails lengthen and sharpen.
The ice statue gestures.
The ice beast hits you but does no damage.
The ice beast completely resists.
Unknown command.
You slash the ice statue!
The ice statue is moderately damaged.
You slash the ice beast!
You kill the ice beast!
The ice beast disappears in a puff of smoke!
The ice statue glitters chillingly in the dim dungeon light.
The ice statue gestures at you. The bolt of cold hits you!!
* * * LOW HITPOINT WARNING * * *
The ice statue gestures.
Okay, then.
You feel better.
Unknown command.
You slice the ice statue!!
The ice statue is severely damaged.
You slice the ice beast!!
Unknown command.
You slice the ice statue!!
You destroy the ice statue!
Okawaru accepts your kill.
The ice beast disappears in a puff of smoke!
Unknown command.
Aiming: Throw Flame
Press: ? - help, Shift-Dir - straight line, f - ice statue
Aim: an ice statue (100% to hit)
The puff of flame hits the ice statue!
The ice statue melts!
The ice statue is lightly damaged.
The ice statue gestures at you. The freezing blast engulfs you!!
You die...

... ...
YZ ##I##
##...##
##.....##
#..§....#
#♣.§....#
#.......#
#.......#
#.......#
####.####
#.......#
#)......#
#)......#
#.......#


You could see an ice statue, an ice beast (summoned) and a three-headed hydra
simulacrum.

Vanquished Creatures
  An orc warlord (Bailey)
  A goliath frog (Lair:2)
  An ugly thing (IceCv)
  An orc knight (Bailey)
  2 ice statues (IceCv)
  2 black mambas
  A torpor snail (Lair:3)
  5 cane toads
  3 komodo dragons
  2 trolls
  2 polar bears
  3 blink frogs (Lair:1)
  A shadow (D:7)
  Sigmund (D:2)
  4 wyverns
  27 yaks
  A steam dragon (D:7)
  3 basilisks
  9 water moccasins
  6 orc warriors
  2 sky beasts
  6 black bears
  An ogre (D:6)
  3 centaurs
  A phantom (D:6)
  A kobold brigand (D:8)
  A brain worm (Sewer)
  13 bullfrogs
  4 scorpions
  2 gnoll sergeants
  2 cane toad simulacra (IceCv)
  6 wights
  22 killer bees
  An elephant simulacrum (IceCv)
  2 howler monkeys
  5 electric eels (Lair:2)
  6 jellies
  2 bombardier beetles
  3 lava snakes (Lair:2)
  3 orc priests
  4 hounds
  A gnoll bouda (D:3)
  2 iguanas
  5 orc wizards
  2 polar bear simulacra (IceCv)
  9 gnolls
  11 adders
  4 river rats (Sewer)
  A shadow imp (D:8)
  3 white imps
  2 ufetubi (D:4)
  3 ribbon worms
  2 dart slugs
  32 orcs
  10 ball pythons
  6 endoplasms
  8 giant cockroaches
  16 goblins
  5 hobgoblins
  3 jackals
  20 kobolds
  14 quokkas
  6 bats
  3 frilled lizards
  4 rats
338 creatures vanquished.

Notes
Turn   | Place    | Note
-------+----------+-------------------------------------------
     0 | D:1      | zenocrate the Minotaur Fighter began the quest for the Orb.
     0 | D:1      | Reached XP level 1. HP: 19/19 MP: 0/0
   186 | D:1      | Reached skill level 3 in Axes
   289 | D:1      | Reached XP level 2. HP: 19/26 MP: 1/1
   600 | D:1      | Reached skill level 4 in Axes
   835 | D:1      | Reached XP level 3. HP: 31/31 MP: 2/2
   977 | D:1      | You fall into a shaft and drop 1 floor!
  1112 | D:1      | Found a faded altar of an unknown god.
  1230 | D:2      | Noticed Sigmund
  1240 | D:2      | Killed Sigmund
  1241 | D:2      | Reached skill level 7 in Axes
  1241 | D:2      | Reached XP level 4. HP: 14/39 MP: 3/3
  1241 | D:2      | Reached XP level 5. HP: 16/45 MP: 4/4
  1657 | D:3      | Found Ugub's Distillery.
  1734 | D:3      | Found Nonaarr's Weapon Boutique.
  1799 | D:3      | Reached skill level 1 in Throwing
  1805 | D:3      | Reached XP level 6. HP: 42/51 MP: 5/5
  1871 | D:3      | Found Foluvis's Jewellery Emporium.
  1942 | D:3      | Found Mocvieskye's Antique Weapon Boutique.
  2689 | D:4      | Reached skill level 8 in Axes
  2915 | D:4      | Found a staircase to the Ecumenical Temple.
  2960 | Temple   | Entered the Ecumenical Temple
  2971 | Temple   | Became a worshipper of Warmaster Okawaru
  3414 | D:5      | Entered Level 5 of the Dungeon
  3440 | D:5      | Reached XP level 7. HP: 51/57 MP: 6/6
  3588 | D:5      | Reached skill level 9 in Axes
  3950 | D:5      | Reached * piety under Okawaru
  3951 | D:5      | Reached skill level 10 in Axes
  4013 | D:6      | Reached XP level 8. HP: 14/64 MP: 7/7
  4092 | D:6      | Reached skill level 11 in Axes
  4227 | D:6      | Noticed a troll
  4256 | D:6      | Killed a troll
  4257 | D:6      | Reached skill level 12 in Axes
  4402 | D:6      | Reached ** piety under Okawaru
  4493 | D:6      | Reached skill level 13 in Axes
  4678 | D:6      | Found a glowing drain.
  4690 | Sewer    | Entered a sewer
  4852 | Sewer    | Reached XP level 9. HP: 70/70 MP: 8/8
  5589 | D:7      | Reached skill level 14 in Axes
  5742 | D:7      | Reached *** piety under Okawaru
  5785 | D:7      | Found a snail-covered altar of Cheibriados.
  5863 | D:7      | Reached skill level 1 in Evocations
  6054 | D:7      | Reached skill level 1 in Dodging
  6079 | D:7      | Reached skill level 1 in Invocations
  6382 | D:8      | Found a flagged portal.
  6393 | Bailey   | Entered a bailey
  6398 | Bailey   | Noticed an orc warlord
  6466 | Bailey   | Noticed an orc knight
  6488 | Bailey   | Killed an orc knight
  6489 | Bailey   | Reached XP level 10. HP: 32/80 MP: 7/10
  6558 | Bailey   | Found a runed translucent gate.
  6561 | Bailey   | Found a runed translucent gate.
  6563 | Bailey   | Found a runed translucent gate.
  6578 | Bailey   | Reached **** piety under Okawaru
  6724 | Bailey   | Killed an orc warlord
  6814 | Bailey   | Identified the +5 flail "Duho" {freeze, rC- Int+5}
  6824 | Bailey   | Reached skill level 15 in Axes
  6824 | Bailey   | Reached skill level 5 in Throwing
  6824 | Bailey   | Reached skill level 5 in Evocations
  6824 | Bailey   | Reached XP level 11. HP: 90/90 MP: 10/12
  7472 | D:8      | Found a broken altar of Ashenzari.
  7473 | D:8      | Found a burning altar of Makhleb.
  7713 | D:9      | Reached ***** piety under Okawaru
  7762 | D:9      | Found a staircase to the Lair.
  7920 | D:9      | Reached skill level 5 in Dodging
  7923 | D:9      | Received a gift from Okawaru
  8199 | Lair:1   | Entered Level 1 of the Lair of Beasts
  8409 | Lair:1   | Reached XP level 12. HP: 56/100 MP: 14/14
  8508 | Lair:1   | Reached skill level 5 in Invocations
  8699 | Lair:1   | Received a gift from Okawaru
  9155 | Lair:1   | Learned a level 2 spell: Blink
 10121 | Lair:2   | Found a staircase to the Swamp.
 10139 | Lair:2   | Reached skill level 1 in Translocations
 10241 | Lair:3   | Found a frozen archway.
 10271 | Lair:3   | Received a gift from Okawaru
 10287 | Lair:3   | Reached skill level 16 in Axes
 10364 | IceCv    | Entered an ice cave
 10441 | IceCv    | HP: 3/102 [polar bear simulacrum (18)]
 10705 | IceCv    | Gained mutation: You have hidden genetic potential. [potion
                  | of mutation]
 10705 | IceCv    | Gained mutation: A frigid envelope surrounds you and
                  | freezes all who hurt you. [potion of mutation]
 10705 | IceCv    | Gained mutation: You have sharp toenails. [potion of
                  | mutation]
 10706 | IceCv    | HP: 2/153 [ice statue/bolt of cold (20)]
 10710 | IceCv    | Killed from afar by an ice statue

Illustrated notes

Levels and vault maps discovered:
D:1:      onia_arrival_mini_maze, layout_loops_corners,
          shapermc_ecumenical_altar_petra, minmay_split_cup_small
D:2:      layout_rooms, uniq_sigmund
D:3:      layout_basic, serial_shops, nicolae_shop_tiny_glass, shop, shop, shop,
          minivault_27
D:4:      layout_basic, minmay_temple_entry_stoned_glass
D:5:      layout_rooms
D:6:      minmay_chambers_of_fours, layout_loops_ring, gup_sewer_entry_pipe
D:7:      layout_loops_cross, slow_altar_2
D:8:      layout_basic, nicolae_overflow_hidden_temple, enter_bailey_3,
          minmay_manual_moon
D:9:      layout_basic, david_lair_generic, nicolae_kite_square_tiling_tiny
Temple:   regret_index_temple_chain_breaker
Lair:1:   layout_small_grid
Lair:2:   layout_chaotic_city, mainiacjoe_swamp_entry_lozenge_pond,
          nicolae_lair_liquid_snakes, serial_bayou_shore_a
Lair:3:   layout_chaotic_city, hellmonk_spider_entry_not_the_bees,
          portal_ice_cave_entry_pillars_2, uniq_nessos
IceCv:    ice_cave_statue_garden_chambered

Skill      XL: |  1  2  3  4  5  6  7  8  9 10 11 12 |
---------------+-------------------------------------+-----
Axes           | 3 4 7 8 10 13 14 15 16 | 16.0
Throwing       | 1 3 5 6 |  6.7
Evocations     | 3 5 6 |  6.5
Dodging        | 2 4 5 6 |  6.3
Fighting       | 4 6 7 8 |  8.3
Armour         | 4 6 7 |  7.9
Shields        | 4 6 7 8 |  8.5
Invocations    | 1 3 4 6 |  6.7
Translocations | 1 |  1.7

Action                     |  1- 3 |  4- 6 |  7- 9 | 10-12 || total
---------------------------+-------+-------+-------+-------++-------
  Melee: War axe           |    55 |   106 |   310 |    25 ||   496
         Headbutt          |    10 |    14 |    46 |    41 ||   111
         Broad axe         |       |       |       |   268 ||   268
  Throw: Dart              |       |     2 |     2 |     3 ||     7
 Invoke: Heroism           |       |       |     2 |     5 ||     7
         Finesse           |       |       |       |     1 ||     1
  Evoke: Wand              |       |       |       |     9 ||     9
    Use: Potion            |     2 |       |     2 |    13 ||    17
         Scroll            |       |       |    13 |     8 ||    21
   Stab: Invisible         |       |       |       |     4 ||     4
 Armour: Scale mail        |    35 |       |       |       ||    35
         Chain mail        |     4 |    92 |   227 |   112 ||   435
         Plate armour      |       |       |       |   208 ||   208
         Skin              |       |       |       |    12 ||    12
  Dodge: Dodged            |    23 |    49 |   131 |   169 ||   372
  Block: Buckler           |    11 |    26 |    54 |    90 ||   181

Table legend: (Time is in decaauts)
 A = Elapsed time spent in this place.
 B = Non-inter-level travel time spent in this place.
 C = Inter-level travel time spent in this place.
 D = Time resting spent in this place.
 E = Time spent auto-exploring this place.
 F = Levels seen in this place.
 G = Mean time per level.
                   A        B        C        D        E       F      G
               +--------+--------+--------+--------+--------+-----+--------+
         Total |  10829 |  10402 |    427 |    134 |   8051 |  16 |  676.8 |
       Dungeon |   7243 |   6902 |    341 |      3 |   5550 |   9 |  804.8 |
        Temple |     25 |      5 |     20 |      0 |      0 |   1 |   25.0 |
          Lair |   2157 |   2091 |     66 |      3 |   1730 |   3 |  719.0 |
         Sewer |    630 |    630 |      0 |      0 |    329 |   1 |  630.0 |
        Bailey |    435 |    435 |      0 |      0 |    301 |   1 |  435.0 |
      Ice Cave |    337 |    337 |      0 |    128 |    140 |   1 |  337.0 |
               +--------+--------+--------+--------+--------+-----+--------+

Top non-repeatable levels by time:
     D:1: 1136 daAuts
  Lair:2: 1054 daAuts
     D:6: 981 daAuts
     D:4: 977 daAuts
  Lair:1: 954 daAuts
     D:8: 952 daAuts
     D:3: 813 daAuts
     D:7: 693 daAuts
     D:5: 641 daAuts
   Sewer: 630 daAuts
     D:9: 551 daAuts
     D:2: 495 daAuts
  Bailey: 435 daAuts
   IceCv: 337 daAuts
  Lair:3: 148 daAuts
